 Dungeon Crawl Stone Soup version 0.27.1-2-g3b301248ec (webtiles) character file.

Game seed: 4334112020812157148

44 pancakes the Insei (level 3, -3/27 HPs)
             Began as a Djinni Transmuter on Sept 26, 2021.
             Was a Follower of Fedhas.
             Slain by a scorpion (8 damage)
             ... on level 2 of the Dungeon.
             The game lasted 00:12:26 (2897 turns).

pancakes the Insei (Djinni Transmuter)              Turns: 2897, Time: 00:12:27

Health: -3/27      AC:  2    Str:  9    XL:     3   Next: 85%
Gold:   114        EV: 12    Int: 15    God:    Fedhas [*.....] SH:  0 Dex: 13

rFire    + + .     SeeInvis .     - Unarmed
rCold    x . .     Faith    .   (no shield)
rNeg     . . .     Spirit   .   a - +0 robe
rPois    ∞         Reflect  .   (no helmet)
rElec    .         Harm     .   (no cloak)
rCorr    .         Rampage  .   (no gloves)
Will     .....                  (boots unavailable)
Stlth    +.........             (no amulet)
HPRegen  0.09/turn              (no ring)
MPRegen  0.00/turn              (no ring)

@: flying
A: sickness immunity, fire resistance 2, cold vulnerability 1, float, innate
caster, hp casting, extra vitality 1
a: Renounce Religion


You were on level 2 of the Dungeon.
You worshipped Fedhas.
Fedhas was aware of your devotion.
You visited 1 branch of the dungeon, and saw 3 of its levels.

You collected 150 gold pieces.
You spent 36 gold pieces at shops.

Inventory:

Hand Weapons
 l - a +0 fustibalus
Missiles
 d - 54 sling bullets
 e - 13 poisoned darts (quivered)
 f - 62 bolts
 g - 73 stones
 j - 45 arrows
Armour
 a - a +0 robe (worn)
Magical Staves
 b - a staff of earth
Scrolls
 c - 3 scrolls of enchant weapon {unknown}
 h - a scroll of noise {unknown}
 i - 3 scrolls of identify {unknown}
 k - a scroll of blinking {unknown}
 m - a scroll of holy word {unknown}
 n - 2 scrolls of amnesia {unknown}


   Skills:
 * Level 1.0 Fighting
 * Level 2.1 Dodging
 * Level 4.5 Unarmed Combat
 * Level 1.5 Spellcasting


You couldn't memorise any spells.
You knew the following spells:

 Your Spells              Type           Power      Damage    Failure   Level
a - Foxfire               Conj/Fire      20%        2x1d5     12%         1
c - Spider Form           Tmut/Pois      2%         N/A       36%         3
v - Ice Form              Ice/Tmut       5%         N/A       77%         4
x - Wereblood             Tmut           5%         N/A       19%         2
z - Beastly Appendage     Tmut           10%        N/A       12%         1
Your spell library was empty.

Dungeon Overview and Level Annotations

Branches:
Dungeon (3/15)

Altars:
Fedhas
Vehumet
Wu Jian

Shops:
D:2 [*!*


Innate Abilities, Weirdness & Mutations

You are immune to sickness and miasma.
You are immune to poison.
Your flesh is very heat resistant. (rF++)
You are vulnerable to cold. (rC-)
You float through the air rather than walking.
You learn spells naturally, not from books.
Your magical power is your life essence.
You have superior vitality. (+4 HP)


Message History

The scorpion closely misses you.
Unknown command.
Unknown command.
Unknown command.
Your horns disappear.
The scorpion stings you.
Casting: Wereblood (safe; 19% risk of failure)
Confirm with . or Enter, or press ? or * to list all spells.
You don't know that spell.
Unknown command.
Unknown command.
Unknown command.
Your primal bloodlust is almost over.
The scorpion stings you.
There is a stone staircase leading up here.
The scorpion misses you.
You fly upwards.
There is a stone staircase leading down here.
Casting: Wereblood (safe; 19% risk of failure)
Confirm with . or Enter, or press ? or * to list all spells.
You don't know that spell.
Casting: Wereblood (safe; 19% risk of failure)
Confirm with . or Enter, or press ? or * to list all spells.
Okay, then.
Unknown command.
Unknown command.
Unknown command.
Your primal bloodlust has ended.
The scorpion stings you!
* * * LOW HITPOINT WARNING * * *
Unknown command.
Throw: 14 darts (poison)
Press: ? - help, Q - select action, (/) - cycle Shift-Dir - straight line, f - scorpion
Aim: a scorpion (lightly wounded, 56% to hit)
You throw a poisoned dart. The poisoned dart hits the scorpion.
The scorpion is poisoned.
The scorpion is lightly wounded.
The scorpion stings you!
You die...
Fedhas appreciates your contribution to the ecosystem.

#....))........####
#.#######.###......
#.# #.# #######
#.#######.# #
#.#.....:.# #
#.#.####### # #.#.# #
#.#.#### # #.@....# #
#.s.##.# ##
#.####.###########.
#># #.............
###.####..##########.
#.....##..# ########
#.....#...## #.......
#..........# #.######
#.........## #.#


You could see a scorpion (poisoned).

Vanquished Creatures
  2 dart slugs
  2 ball pythons
  An endoplasm (D:1)
  A giant cockroach (D:1)
  5 hobgoblins
  4 jackals (D:1)
  A quokka (D:2)
  5 bats
  6 frilled lizards
  3 goblins
  7 kobolds
  3 rats
40 creatures vanquished.

Notes
Turn   | Place    | Note
-------+----------+-------------------------------------------
     0 | D:1      | pancakes the Djinni Transmuter began the quest for the Orb.
     0 | D:1      | Reached XP level 1. HP: 17/17 MP: 0/0
   134 | D:1      | Reached XP level 2. HP: 16/22 MP: 0/0
  1174 | D:1      | Found a faded altar of an unknown god.
  1183 | D:1      | Reached skill level 4 in Unarmed Combat
  1183 | D:1      | Reached XP level 3. HP: 21/27 MP: 0/0
  1183 | D:1      | Learned a level 1 spell: Foxfire
  1185 | D:1      | Became a worshipper of Fedhas Madash
  1185 | D:1      | Reached * piety under Fedhas
  1706 | D:2      | Found an ornate altar of the Wu Jian Council.
  1794 | D:2      | Found Huseug's Assorted Antiques.
  1796 | D:2      | Bought a scroll labelled TEIDGH HOSAKOO for 18 gold pieces
  1796 | D:2      | Bought a scroll labelled KOUHUU XICEPOPT for 18 gold pieces
  1849 | D:2      | Found Atykhij's General Store.
  2127 | D:2      | Found Ane Jiaj's Antique Armour Shop.
  2290 | D:2      | Found Dowkaex's Distillery.
  2867 | D:3      | Noticed a scorpion
  2897 | D:2      | Slain by a scorpion

Illustrated notes

Levels and vault maps discovered:
D:1:      dpeg_arrival_refuge, layout_basic, chequers_ecumenical_altar_twisty
D:2:      layout_loops_ring, basic_altar, serial_shops, shop_fountains, shop,
          shop, nicolae_square_shop
D:3:      kennysheep_big_flooded_room, layout_rooms, nicolae_vehumet_radiance,
          uniq_grinder

Skill      XL: |  1  2 |
---------------+-------+-----
Unarmed Combat | 4 |  4.5
Fighting       | |  1.0
Dodging        | |  2.1
Spellcasting   | |  1.5

Action                   || total
-------------------------++-------
Melee: Unarmed           ||   125
       Headbutt          ||    19
       Punch             ||     1
Throw: Dart              ||     6
 Cast: Beastly Appendage ||    30
       Wereblood         ||     5
  Use: Potion            ||     2
 Stab: Sleeping          ||     1
Armor: Robe              ||    19
       Skin              ||     4
Dodge: Dodged            ||    79
